 Dungeon Crawl Stone Soup version 0.17-a0-1-g1f4be75 (webtiles) character file.

445 vatarom the Changer (level 6, 0/46 HPs)
             Began as a Draconian Transmuter on Mar 9, 2015.
             Slain by an orc (2 damage)
             ... on level 5 of the Dungeon.
             The game lasted 00:08:49 (3310 turns).

vatarom the Changer (Draconian Transmuter)          Turns: 3310, Time: 00:08:49

Health: 0/46       AC:  8    Str: 12    XL:     6   Next: 72%
Magic:  5/10       EV: 13    Int: 15    God:
Gold:   298        SH:  0    Dex: 12    Spells: 3 memorised, 3 levels left

rFire  . . .     SeeInvis .       - Unarmed
rCold  . . .     Clarity  .     (armour unavailable)
rNeg   . . .     SustAb   .     (no shield)
rPois  .         Gourm    .     (helmet restricted)
rElec  .         Spirit   .     i - +1 cloak
rCorr  .         Warding  .     (no gloves)
rMut   .         Stasis   .     (no boots)
MR     .....                    (no amulet)
Stlth  +.........               (no ring)
                                (no ring)

@: slowed, very slow, not resistant to hostile enchantments, very unstealthy
A: unfitting armour, frail 1, cold-blooded, placid magic 1, MP-powered wands 1,
AC +6
a: no special abilities


You were on level 5 of the Dungeon.
You were not hungry.

You visited 1 branch of the dungeon, and saw 5 of its levels.

You collected 298 gold pieces.

Inventory:

Hand weapons
 c - a +2 dagger of venom
Missiles
 b - 68 arrows
Armour
 i - a +1 cloak (worn)
Jewellery
 e - an uncursed amulet of faith
 g - an uncursed ring of ice
 n - an uncursed amulet of guardian spirit
 q - a +2 ring of evasion {unknown}
Magical devices
 a - a wand of paralysis (13)
 l - a wand of paralysis (18)
Scrolls
 h - a scroll of remove curse
 k - 3 scrolls of identify
 p - 2 scrolls of recharging
Books
 d - a book of Changes

   Spells                             Type                      Level
   a - Beastly Appendage              Transmutation                1
   b - Sticks to Snakes               Transmutation                2
   c - Spider Form                    Transmutation/Poison         3
   d - Ice Form                       Ice/Transmutation            4
   e - Blade Hands                    Transmutation                5
Comestibles
 f - 2 meat rations
 m - 2 bread rations
 o - 2 slices of pizza


   Skills:
 - Level 4.1 Fighting
 + Level 2.9 Dodging
 + Level 3.9 Unarmed Combat
 - Level 2.0 Spellcasting
 - Level 5.0 Transmutations


You had 3 spell levels left.
You knew the following spells:

 Your Spells              Type           Power        Failure   Level  Hunger
a - Beastly Appendage     Trmt           ##....       1%          1    #......
b - Sticks to Snakes      Trmt           ##........   1%          2    ###....
c - Spider Form           Trmt/Pois      #.........   13%         3    ###....


Dungeon Overview and Level Annotations

Branches:
Dungeon (5/15)
 Temple: D:4-7

Altars:
Dithmenos
Kikubaaqudgha
Yredelemnul

Annotations:
D:2 Sigmund
D:4 ZiggyStardust's ghost, average OgMo


Innate Abilities, Weirdness & Mutations

Your plain brown scales are hard (AC +6).
Your body does not fit into most forms of armour.
Your cold-blooded metabolism reacts poorly to cold.
You are frail (-10% HP).
Your spells are a little easier to cast, but a little less powerful.
You expend magic power (3 MP) to slightly strengthen your wands.


Message History

Okay, then.
Evoke which item? (* to show all) (? for menu, Esc to quit)
Okay, then.
The iguana hisses angrily.
The crimson imp completely misses you.
The orc throws a tomahawk of returning.
The tomahawk of returning closely misses you.
You see here a tomahawk of returning.
The crimson imp completely misses you.
The crimson imp blinks!
The orc wizard casts a spell at you.
You feel yourself slow down.
The orc wizard gestures wildly while chanting.
The orc wizard blinks!
The orc completely misses you. The orc completely misses you.
You see here 3 stones.
You hit the orc.
The orc is poisoned.
The orc is heavily wounded.
Your transformation has ended.
Your +1 cloak unmelds from your body.
The orc hits you.
You die...

# .......oo ..
........... #.
......l>.... . ..
............. ... #.
#...).......# ....##.
#.........### .....
#..l......
##..#####5........
#...@og.l.........
#.....####g..(........#
... ###.?...........# .
........<......$#
...#.....)).....##
.................
..#......#...##.#
...........# #
......#...#


You could see an iguana, a crimson imp, an orc and 2 goblins.

Vanquished Creatures
  An ogre (D:4)
  A scorpion (D:4)
  A giant frog skeleton (D:4)
  2 orc wizards
  A hound (D:4)
  An iguana (D:4)
  2 worker ants (D:4)
  Jessica (D:2)
  4 adders
  A giant mite (D:3)
  A worm (D:4)
  4 giant geckos
  An ooze (D:2)
  An orc (D:5)
  2 ball pythons
  8 giant cockroaches
  15 goblins
  7 hobgoblins
  5 kobolds
  3 quokkas (D:2)
  9 bats
  4 giant newts
  2 jackals (D:4)
  10 rats
87 creatures vanquished.

Notes
Turn   | Place    | Note
--------------------------------------------------------------
     0 | D:1      | vatarom, the Draconian Transmuter, began the quest for the Orb.
     0 | D:1      | Reached XP level 1. HP: 16/16 MP: 3/3
   301 | D:1      | Reached XP level 2. HP: 16/24 MP: 4/4
   335 | D:1      | Learned a level 2 spell: Sticks to Snakes
   706 | D:2      | Reached XP level 3. HP: 15/31 MP: 6/6
   789 | D:2      | Learned a level 3 spell: Spider Form
  1092 | D:2      | Reached skill level 4 in Fighting
  1098 | D:2      | Noticed Jessica
  1104 | D:2      | Killed Jessica
  1104 | D:2      | Reached XP level 4. HP: 40/40 MP: 7/7
  1291 | D:2      | Noticed Sigmund
  2102 | D:4      | Noticed an ogre
  2114 | D:4      | Killed an ogre
  2114 | D:4      | Reached XP level 5. HP: 16/46 MP: 1/9
  2185 | D:4      | Gained mutation: You expend magic power (3 MP) to slightly strengthen your wands. [potion of mutation]
  2185 | D:4      | Gained mutation: You are frail (-10% HP). [potion of mutation]
  2185 | D:4      | Gained mutation: Your spells are a little easier to cast, but a little less powerful. [potion of mutation]
  2250 | D:4      | Found an ancient bone altar of Kikubaaqudgha.
  2692 | D:4      | Reached skill level 5 in Transmutations
  2739 | D:4      | Reached XP level 6. HP: 37/46 MP: 10/10
  3135 | D:4      | Found a shadowy altar of Dithmenos.
  3136 | D:4      | Found a basalt altar of Yredelemnul.
  3173 | D:5      | Entered Level 5 of the Dungeon
  3240 | D:4      | Noticed ZiggyStardust's ghost (average OgMo)
  3301 | D:5      | HP: 1/46 [orc (5)]
  3310 | D:5      | Slain by an orc

Action                   |  1- 3 |  4- 6 || total
-------------------------+-------+-------++-------
Melee: Unarmed           |    25 |    24 ||    49
       Dagger            |    72 |   137 ||   209
 Cast: Beastly Appendage |     4 |     2 ||     6
       Spider Form       |       |     4 ||     4
       Sticks to Snakes  |       |     2 ||     2
 Abil: End Transformatio |       |     1 ||     1
  Use: Scroll            |     6 |     5 ||    11
       Potion            |     2 |     7 ||     9
  Eat: Bread ration      |     1 |       ||     1
       Meat ration       |       |     1 ||     1
